 Dungeon Crawl Stone Soup version 0.14-a0-155-gd989017 (webtiles) character file.

771 Kae the Basher (level 6, -8/52 HPs)
             Began as a Minotaur Berserker on Oct 4, 2013.
             Was an Elder of Trog.
             Mangled by Prince Ribbit (11 damage)
             ... on Level 5 of the Dungeon.
             The game lasted 00:07:19 (3368 turns).

Kae the Basher (Minotaur Berserker)                 Turns: 3368, Time: 00:07:19

HP  -8/52        AC  5     Str 22      XL: 6   Next: 95%
MP   2/2         EV 12     Int  6      God: Trog [****..]
Gold 269         SH  0     Dex 10      Spells:  0 memorised,  5 levels left

Res.Fire  : . . .   See Invis. : .   a - +0,+1 mace
Res.Cold  : . . .   Warding    : .   b - +1 animal skin
Life Prot.: . . .   Conserve   : .   (no shield)
Res.Poison: .       Res.Corr.  : .   (helmet restricted)
Res.Elec. : .       Clarity    : .   (no cloak)
Sust.Abil.: . .     Spirit.Shd : .   h - +0 pair of gauntlets
Res.Mut.  : .       Stasis     : .   s - +0 pair of elf boots
Res.Rott. : .       Flight     : .   (no amulet)
Saprovore : . . .                    (no ring)
                                     x - +1 ring of intelligence

@: exhausted, slowed, very slow, slightly resistant to hostile enchantments,
unstealthy
A: retaliatory headbutt, horns 2
a: Burn Spellbooks, Berserk, Trog's Hand, Brothers in Arms, Renounce Religion


You were on level 5 of the Dungeon.
You worshipped Trog.
Trog was greatly pleased with you.
You were near starving.

You visited 1 branch of the dungeon, and saw 5 of its levels.

You collected 249 gold pieces.

Inventory:

Hand weapons
 a - a +0,+1 mace (weapon)
Armour
 b - a +1 animal skin (worn)
 h - a +0 pair of gauntlets (worn)
 s - a +0 pair of elven boots (worn)
Magical devices
 y - a wand of digging (10) {unknown}
Comestibles
 c - 2 bread rations
 p - a royal jelly
 v - 3 cheeses
Scrolls
 d - a scroll of amnesia
 e - a scroll of fog
 f - 3 scrolls of identify
 g - a scroll of enchant weapon I {unknown}
 i - a scroll of noise {unknown}
 j - 6 scrolls of remove curse
 k - a scroll of magic mapping
 q - a scroll of teleportation
Jewellery
 o - an uncursed ring of teleportation
 x - a +1 ring of intelligence (left hand)
Potions
 m - 2 potions of heal wounds
 n - a potion of magic {unknown}
 r - a potion of berserk rage {unknown}
 t - a potion of coagulated blood
 u - 2 potions of might {unknown}
 w - 2 potions of restore abilities {unknown}
 z - a potion of curing {unknown}
 A - a potion of degeneration {unknown}


   Skills:
 - Level 3.7 Fighting
 + Level 9.4 Maces & Flails
 - Level 2.5 Armour
 - Level 2.1 Dodging


You had 5 spell levels left.
You didn't know any spells.

Dungeon Overview and Level Annotations

Branches:
Dungeon (5/27)             Temple (0/1) D:4

Altars:
Cheibriados
Makhleb
Trog
Zin

Annotations:
D:5 Prince Ribbit


Innate Abilities, Weirdness & Mutations

You reflexively headbutt those who attack you in melee.
You have a pair of horns on your head.


Message History

Your headbutt misses Prince Ribbit.
Prince Ribbit is severely wounded.
Your skin stops crawling.
You feel less resistant to hostile enchantments.
Prince Ribbit blinks!
The hound bites you.
You miss the hound. Your headbutt misses the hound.
The hound is heavily wounded.
You closely miss the hound. You headbutt the hound!
You kill the hound!
Trog accepts your kill.
You are no longer berserk.
You are exhausted.
You feel yourself slow down.
You are near starving!
Prince Ribbit momentarily phases out as your attack passes through him.
Prince Ribbit is severely wounded.
Prince Ribbit hits you!
* * * LOW HITPOINT WARNING * * *
Prince Ribbit hits you!
You die...

..# #####.### #........
###........
###########...........
#.......##..#.........
#....<[...)##.........
#.......+..##.F........
#.......#####.@ยง.......
##'###### #.........$ #
#.......... ##.########
#.# #.# #.# #.# #.#


You could see Prince Ribbit.

Vanquished Creatures
  2 sky beasts
  Sigmund (D:5)
  An agate snail (D:2)
  A hound (D:5)
  An orc wizard (D:3)
  5 adders
  A giant mite (D:2)
  2 orcs (D:3)
  A ball python (D:3)
  11 bats
  6 giant cockroaches
  5 goblins
  12 hobgoblins
  5 quokkas
  4 giant geckos
  4 giant newts
  3 jackals (D:2)
  7 kobolds
  14 rats
  2 plants (D:2)
88 creatures vanquished.

Notes
Turn   | Place    | Note
--------------------------------------------------------------
     0 | D:1      | Kae, the Minotaur Berserker, began the quest for the Orb.
     0 | D:1      | Reached XP level 1. HP: 19/19 MP: 0/0
    92 | D:1      | Reached skill level 4 in Maces & Flails
    99 | D:1      | Reached XP level 2. HP: 20/26 MP: 0/0
   154 | D:1      | Acquired Trog's second power
   537 | D:2      | Reached skill level 5 in Maces & Flails
   550 | D:2      | Reached XP level 3. HP: 33/33 MP: 1/1
   843 | D:2      | Reached XP level 4. HP: 20/39 MP: 1/1
   979 | D:2      | Reached skill level 6 in Maces & Flails
  1128 | D:2      | Noticed an agate snail
  1138 | D:2      | Killed an agate snail
  1138 | D:2      | Reached XP level 5. HP: 46/46 MP: 1/1
  1147 | D:2      | Found a snail-covered altar of Cheibriados.
  1248 | D:2      | Found a bloodstained altar of Trog.
  1463 | D:3      | Reached skill level 7 in Maces & Flails
  1683 | D:3      | Acquired Trog's third power
  2094 | D:3      | Found a glowing silver altar of Zin.
  2576 | D:4      | Found a staircase to the Ecumenical Temple.
  2620 | D:4      | Found a burning altar of Makhleb.
  2661 | D:4      | Noticed a sky beast
  2668 | D:4      | Killed a sky beast
  2668 | D:4      | Reached skill level 8 in Maces & Flails
  2668 | D:4      | Reached XP level 6. HP: 42/52 MP: 2/2
  3085 | D:5      | Entered Level 5 of the Dungeon
  3094 | D:5      | Noticed Sigmund
  3094 | D:5      | Noticed Prince Ribbit
  3110 | D:5      | Killed Sigmund
  3148 | D:5      | Reached skill level 9 in Maces & Flails
  3368 | D:5      | Mangled by Prince Ribbit

Action                   |  1- 3 |  4- 6 || total
-------------------------+-------+-------++-------
Melee: Mace              |    63 |   178 ||   241
Invok: Berserk           |       |     3 ||     3
       Trog's Hand       |       |     2 ||     2
  Use: Scroll            |       |    12 ||    12
 Stab: Sleeping          |       |     1 ||     1
